 Dungeon Crawl Stone Soup version 0.32-a0-361-g289a535e89 (webtiles) character file.

Game seed: 14285396008284499689

30747 ytrimaz the Cleaver (level 13, -11/103 HPs)
             Began as a Coglin Gladiator on Feb 19, 2024.
             Was a High Priest of Okawaru.
             Shot with a bolt by a tengu warrior (27 damage)
             ... on level 14 of the Dungeon.
             The game lasted 00:21:37 (13117 turns).

ytrimaz the Cleaver (Coglin Gladiator)             Turns: 13117, Time: 00:21:37

Health: -11/103    AC: 27    Str: 19    XL:     13   Next: 53%
Magic:  16/18      EV: 15    Int:  7    God:    Okawaru [*****.]
Gold:   588        SH:  0    Dex: 17    Spells: 12/12 levels left

rFire   . . .        z - +6 shillelagh "Devastator" {shatter}
rCold   . . .        a - +0 war axe {Annika}
rNeg    . . .        H - +0 plate armour
rPois   +            c - +0 helmet
rElec   .            f - +2 cloak
rCorr   .            u - +1 Delatra's gloves {ID++}
SInv    .            o - +0 pair of boots
Will    .....        D - amulet of the acrobat Stlth
                     y - ring of poison resistance
HPRegen 0.37/turn    N - +5 ring of evasion
MPRegen 0.16/turn

%: acrobat
@: heroic, hasted, revved, stiff-legged, very slow
A: off-hand wielding, slow wielding, warmup strikes, warmup strides
a: Renounce Religion, Heroism, Finesse, Duel


You were on level 14 of the Dungeon.
You worshipped Okawaru.
Okawaru was extremely pleased with you.
You visited 2 branches of the dungeon, and saw 15 of its levels.

You collected 804 gold pieces.
You spent 216 gold pieces at shops.


Innate Abilities, Weirdness & Mutations

You can wield a second weapon in your off-hand.
It takes a long time for you to wield or remove held weapons.
Your first few attacks do less damage.
Your first movements take longer.


   Skills:
 - Level 10.0(15.0) Fighting
 - Level 14.0(19.0) Axes
 - Level 1.7(6.7) Throwing
 + Level 12.1(17.1) Armour
 - Level 2.6(7.6) Dodging
 - Level 7.0 Invocations


You had 12 spell levels left.
You didn't know any spells.
Your spell library contained the following spells:

 Spells                   Type           Power      Damage    Failure   Level
 Kiss of Death            Conj/Necr      0%         2d5       99%         1
 Magic Dart               Conj           0%         1d3       99%         1
 Sandblast                Erth           0%         2d4       99%         1
 Blink                    Tloc           0%         N/A       100%        2
 Cigotuvi's Dreadful Rot  Necr/Alch/Air  0%         N/A       100%        2
 Static Discharge         Conj/Air       0%         3-3/arc   100%        2
 Confusing Touch          Hex            0%         N/A       100%        3
 Inner Flame              Hex/Fire       0%         N/A       100%        3
 Passwall                 Erth           0%         N/A       100%        3
 Stone Arrow              Conj/Erth      0%         3d7       100%        3
 Airstrike                Air            0%         2d(0-16)  100%        4
 Brom's Barrelling Bould  Conj/Erth      0%         2d3       100%        4
 Dimensional Bullseye     Hex/Tloc       0%         N/A       100%        4
 Dispel Undead            Necr           0%         3d6       100%        4
 Flame Wave               Conj/Fire      0%         2d4       100%        4
 Ignite Poison            Fire/Alch      0%         N/A       100%        4
 Iskenderun's Mystic Bla  Conj/Tloc      0%         2d3       100%        4
 Sticky Flame             Fire/Alch      0%         2d4       100%        4
 Vhi's Electric Charge    Tloc/Air       0%         N/A       100%        4
 Arcjolt                  Conj/Air       0%         1d10      100%        5
 Freezing Cloud           Conj/Ice/Air   0%         6-21      100%        5
 Maxwell's Capacitive Co  Air            0%         ∞         100%        8
 Call Imp                 Summ           Unusable   N/A       N/A         2
 Tukima's Dance           Hex            Unusable   N/A       N/A         3
 Summon Lightning Spire   Summ/Air       Unusable   N/A       N/A         4

Inventory:

Hand Weapons
 a - a +0 war axe (worn) {Annika}
 h - a +1 hand axe of draining {Adalbert}
   (You took it off an orc on level 4 of the Dungeon)
 l - a +0 short sword of protection {Soledad}
   (You took it off an orc on level 2 of the Dungeon)
 q - a +1 dagger of venom {Belanum}
   (You took it off a goblin on level 3 of the Dungeon)
 z - the +6 shillelagh "Devastator" (weapon) {shatter}
   (You found it on level 5 of the Dungeon)
 B - the +9 demon trident of Dismemberment {freeze, Stlth+}
   (You found it on level 8 of the Dungeon)

   Stlth+:    It makes you more stealthy.
Missiles
 d - 2 throwing nets
 e - 5 javelins
 L - 3 silver javelins
Armour
 c - a +0 helmet (worn)
 f - a +2 cloak (worn)
   (You took it off Crazy Yiuf on level 3 of the Dungeon)
 o - a +0 pair of boots (worn)
   (You found it on level 2 of the Dungeon)
 u - the +1 Delatra's gloves (worn) {ID++}
   (You found it on level 4 of the Dungeon)

   ID++:      It heals its wearer when they drink unknown potions, and restores
   their MP when they read unknown scrolls.
 G - +0 steam dragon scales
   (You found it on level 9 of the Dungeon)
 H - a +0 plate armour (worn)
   (You took it off an orc warrior on level 9 of the Dungeon)
Jewellery
 b - a ring of wizardry
   (You found it on level 9 of the Dungeon)
 y - a ring of poison resistance (left grasper)
   (You found it on level 5 of the Dungeon)
 D - an amulet of the acrobat (around neck)
   (You found it on level 7 of the Dungeon)
 I - a ring of wizardry
   (You found it on level 9 of the Dungeon)
 J - a ring of flight
   (You found it on level 13 of the Dungeon)
 N - a +5 ring of evasion (right grasper)
   (You found it on level 10 of the Dungeon)
 U - a ring of protection from cold
   (You found it on level 14 of the Dungeon)
Wands
 p - a wand of paralysis (6) (quivered)
   (You took it off Ijyb on level 3 of the Dungeon)
 A - a wand of quicksilver (28)
   (You took it off an orc on level 6 of the Dungeon)
 M - a wand of polymorph (4)
   (You found it on level 10 of the Dungeon)
 P - a wand of flame (21)
   (You found it on level 11 of the Dungeon)
Scrolls
 g - a scroll of blinking
 i - 2 scrolls of teleportation
 n - 4 scrolls of noise
 v - 3 scrolls of revelation
 w - 6 scrolls of enchant weapon
 x - 5 scrolls of identify
 C - 5 scrolls of immolation
 K - a scroll of amnesia
 O - 5 scrolls of vulnerability
Potions
 j - 9 potions of curing
 k - 2 potions of attraction
 m - 3 potions of mutation
 r - 5 potions of lignification
 s - 3 potions of brilliance
 t - 2 potions of ambrosia
 F - 4 potions of resistance
 R - a potion of haste

Dungeon Overview and Level Annotations

Branches:
Dungeon (14/15) Zot: 25969  Temple (1/1) D:6 Zot: 5923    Lair (0/5) D:9
    Orc (0/2) D:10         Vaults (0/5) D:13

Altars:
Ashenzari
Cheibriados
Dithmenos
Elyvilon
Fedhas
Gozag
Hepliaklqana
Kikubaaqudgha
Makhleb
Nemelex Xobeh
Okawaru
Qazlal
Ru
Sif Muna
Trog
Uskayaw
Vehumet
Wu Jian
Xom
Yredelemnul
Zin
The Shining One

Shops:
D:1 (   D:5 [   D:8 :(!*   D:13 [**

Annotations:
D:13 exclusion: door

.##...)...........#.>.###
..########..#######.....#
#####
.....######..........##.#
#...#
##.#........######......#
#.#.# #.##########
##..#### #.#.# #.#
####Q.# #.#.# #.#
#QO...########.#.# #.##
#)###..........#.# #..##
#@# ############J# ##..#
#Q# #.. ##.# ##.# ### #.#
#..# #.# #.##
#.##########.#
#............#
##############


You could see 2 tengu warriors and an ogre mage.


Message History

The tengu warriors and the orc knight shudder.
You hit the tengu warrior but do no damage.
The tengu warrior hits you but does no damage.
The tengu warrior closely misses you. The tengu warrior barely misses you.
Unknown command.
You closely miss the tengu warrior with the +6 shillelagh "Devastator".
You barely miss the tengu warrior with your +0 war axe.
Unknown command.
You hit the tengu warrior with the +6 shillelagh "Devastator".
The tengu warriors and the orc knight shudder.
You hit the tengu warrior but do no damage.
The tengu warrior hits you with a +0 halberd!
* * * LOW HITPOINT WARNING * * *
The tengu warrior barely misses you.
The tengu warrior claws you but does no damage. 😨 HP[-9]
You take 9 damage, and now have 41/103 hp.
Unknown command.
You hit the tengu warrior but do no damage. x2
The tengu warrior misses you.
The tengu warrior pecks you but does no damage.
The tengu warrior claws you but does no damage.
Unknown command.
You feel yourself speed up. The tengu warrior slips past you!
The tengu warrior hits you with a +0 halberd!
* * * LOW HITPOINT WARNING * * *
The tengu warrior pecks you but does no damage.
The tengu warrior claws you but does no damage.
The tengu warrior unwields a +0 long sword.
The tengu warrior wields a +1 heavy arbalest.
The tengu warrior shoots a bolt.
The bolt closely misses you.
The bolt hits the tengu warrior! 😨 HP[-9]
You take 9 damage, and now have 32/103 hp.
Unknown command.
You sock the orc knight with the +6 shillelagh "Devastator"!
The orc knight and the tengu warrior shudder.
You barely miss the orc knight with your +0 war axe.
You closely miss the tengu warrior with your +0 war axe.
The tengu warrior completely misses you.
The tengu warrior pecks you but does no damage.
The tengu warrior claws you but does no damage.
You closely miss the orc knight with the +6 shillelagh "Devastator".
You barely miss the orc knight with your +0 war axe.
You hit the tengu warrior but do no damage.
The orc knight completely misses you. 😨 HP[+1] Unknown command.
You hit the orc knight with the +6 shillelagh "Devastator".
The orc knight and the tengu warrior shudder.
You hit the orc knight but do no damage.
You miss the tengu warrior with your +0 war axe.
The tengu warrior hits you but does no damage.
The tengu warrior pecks you but does no damage.
The tengu warrior claws you but does no damage.
The orc knight hits you with a +0 battleaxe!!
* * * LOW HITPOINT WARNING * * *
😱 HP[-18]
You take 18 damage, and now have 15/103 hp.
You hit the orc knight with your +0 war axe.
The orc knight and the tengu warrior shudder.
You hit the tengu warrior but do no damage.
You sock the orc knight with the +6 shillelagh "Devastator"!
The orc knight and the tengu warrior shudder.
Unknown command.
Unknown command.
You gain the combat prowess of a mighty hero.
The tengu warrior hits you but does no damage.
The tengu warrior pecks you but does no damage.
The tengu warrior closely misses you.
An ogre mage comes into view. It is wielding a +0 whip.
The orc knight barely misses you. 😱 MP[-2]
You lost 2 mp, and now have 16/18 mp.
You hit the orc knight but do no damage.
You slash the tengu warrior with your +0 war axe!
The tengu warrior shudders.
You sock the orc knight with the +6 shillelagh "Devastator"!
The orc knight, the ogre mage and the tengu warrior shudder.
You miss the tengu warrior with the +6 shillelagh "Devastator".
You closely miss the tengu warrior with your +0 war axe.
You hit the orc knight but do no damage.
The tengu warrior hits you but does no damage.
The tengu warrior misses you.
The tengu warrior claws you but does no damage.
The orc knight hits you but does no damage. 😱 HP[+1] Unknown command.
Unknown command.
You hit the tengu warrior with the +6 shillelagh "Devastator".
The tengu warrior shudders.
You miss the tengu warrior with your +0 war axe.
You closely miss the orc knight with your +0 war axe.
You hit the orc knight with your +0 war axe.
The orc knight, the ogre mage and the tengu warrior shudder.
You kill the orc knight!
Okawaru accepts your kill.
You hit the tengu warrior but do no damage.
The tengu warrior shoots a bolt.
The bolt hits you!!
You die...

Skill      XL: |  1  2  3  4  5  6  7  8  9 10 11 12 13 |
---------------+----------------------------------------+-----
Axes           | 4 5 6 8 9 11 14 | 14.0
Armour         | 1 5 8 10 12 | 12.1
Fighting       | 6 9 10 | 10.0
Invocations    | 6 7 |  7.0
Throwing       | |  1.7
Dodging        | |  2.6

Action                     |  1- 3 |  4- 6 |  7- 9 | 10-12 | 13-15 || total
---------------------------+-------+-------+-------+-------+-------++-------
  Melee: War axe           |    91 |   143 |    77 |   155 |   106 ||   572
         Short sword       |       |    61 |       |       |       ||    61
         Dagger            |       |    39 |    62 |       |       ||   101
         Hand axe          |       |       |    53 |    75 |       ||   128
         Shillelagh        |       |       |    38 |   227 |   105 ||   370
  Throw: Throwing net      |       |     1 |       |       |       ||     1
 Invoke: Heroism           |       |       |       |     2 |     2 ||     4
         Finesse           |       |       |       |     1 |       ||     1
         Duel              |       |       |       |       |     1 ||     1
  Evoke: Wand              |       |       |       |     3 |       ||     3
    Use: Scroll            |     2 |     3 |     4 |    11 |     5 ||    25
         Potion            |       |     2 |     1 |     6 |     5 ||    14
   Stab: Sleeping          |       |     1 |       |     1 |       ||     2
         Held in net/web   |       |     2 |       |       |       ||     2
         Paralysed         |       |       |       |     4 |       ||     4
         Invisible         |       |       |       |     1 |       ||     1
 Armour: Leather armour    |    76 |   111 |    92 |    57 |       ||   336
         Plate armour      |       |       |       |   118 |   167 ||   285
         Steam dragon scal |       |       |       |     3 |       ||     3
  Dodge: Dodged            |   104 |   109 |    87 |   183 |   112 ||   595

Levels and vault maps discovered:
D:1:      dpeg_arrival_long_road, layout_basic,
          hellmonk_ecumenical_altar_watching_god, serial_shops, shop,
          st_stairs_3, minmay_vboxes
D:2:      layout_loops_ring, minmay_pentomino_q2
D:3:      layout_basic, nicolae_goblin_pals, uniq_crazy_yiuf_cottage,
          uniq_natasha, uniq_jessica
D:4:      nicolae_cairo_tiling_large_dashed, layout_loops_cross,
          kennysheep_crisscross, pf_guarded_unrand_delatra
D:5:      layout_rooms, grunt_dithmenos_shadows, serial_shops, shop,
          palyth_stone_intersect, dilly_guarded_unrand_devastator, uniq_menkaure
D:6:      layout_rooms, minmay_temple_entry_mini_moons, serial_co_window_serial,
          co_window_corner_a, co_window_corner_a, co_window_cross_1,
          co_window_corner_a, co_window_paths_b, co_window_broadway_c,
          co_window_unsneaky_path_e, co_window_cross_3, co_window_corner_b,
          glass_columns_b, glass_columns_b, glass_columns_c, glass_columns_a,
          glass_columns_a, chequers_mini_garden, minmay_lizard_king,
          uniq_grinder
D:7:      layout_loops_corners
D:8:      layout_rooms, serial_shops, shop, shop, shop,
          nicolae_shop_tiny_statue_garden
D:9:      layout_loops_ring, david_lair_shrubbed
D:10:     layout_loops_corners, david_orc_4
D:11:     layout_gridville
D:12:     layout_roguey, uniq_frances
D:13:     layout_roguey, grunt_vaults_entry_tiered, nicolae_water_bricks,
          dk_noncrumbling_3, nicolae_wooded_promenade, uniq_azrael
D:14:     regret_index_dithmenos_penumbral_divide, layout_basic, minivault_23,
          uniq_agnes
Temple:   compressed_dpeg_triangle_lava_temple

Notes
Turn   | Place    | Note
-------+----------+-------------------------------------------
     0 | D:1      | ytrimaz the Coglin Gladiator began the quest for the Orb.
     0 | D:1      | Reached XP level 1. HP: 16/16 MP: 1/1
     0 | D:1      | magus.rc [v1.9.6]
    55 | D:1      | Reached XP level 2. HP: 22/22 MP: 2/2
    84 | D:1      | Found a faded altar of an unknown god.
    84 | D:1      | Noticed a great orb of eyes
   128 | D:1      | Reached skill level 4 in Axes
   144 | D:1      | Reached XP level 3. HP: 16/27 MP: 3/3
   362 | D:1      | Found Wonwus's Antique Weapon Boutique.
   389 | D:1      | Noticed a golden eye
   391 | D:1      | Noticed an eye of devastation
   391 | D:1      | Noticed a great orb of eyes
   458 | D:1      | Reached XP level 4. HP: 24/33 MP: 4/4
   866 | D:2      | Reached skill level 5 in Axes
  1241 | D:2      | You add the spells Vhi's Electric Charge, Arcjolt and
                  | Maxwell's Capacitive Coupling to your library.
  1280 | D:2      | You pick up a book of Storms and begin reading...
  1280 | D:2      | You add the spells Static Discharge, Airstrike and Summon
                  | Lightning Spire to your library.
  1330 | D:2      | Reached XP level 5. HP: 38/38 MP: 5/5
  1853 | D:3      | Noticed Ijyb
  1853 | D:3      | Noticed Robin
  1872 | D:3      | Paralysed by Ijyb for 3 turns
  1878 | D:3      | Paralysed by Ijyb for 4 turns
  1883 | D:3      | Killed Ijyb
  1884 | D:3      | Reached skill level 6 in Axes
  2107 | D:3      | Noticed Jessica
  2111 | D:3      | Reached XP level 6. HP: 39/44 MP: 6/6
  2125 | D:3      | Killed Jessica
  2129 | D:3      | Killed Robin
  2211 | D:3      | Noticed Natasha
  2214 | D:3      | Killed Natasha
  2266 | D:3      | Reached skill level 7 in Axes
  2364 | D:3      | Found a runed translucent door.
  2365 | D:3      | Noticed Crazy Yiuf
  2423 | D:3      | Noticed Natasha
  2428 | D:3      | Killed Natasha
  2433 | D:3      | Noticed Natasha
  2441 | D:3      | Killed Natasha
  2568 | D:3      | HP: 10/42 [Crazy Yiuf/+2 quarterstaff of chaos (10)]
  2573 | D:3      | Killed Crazy Yiuf
  2667 | D:4      | magus.rc [v1.9.6]
  2768 | D:4      | Reached skill level 8 in Axes
  2768 | D:4      | Reached XP level 7. HP: 50/50 MP: 7/7
  3019 | D:4      | Reached skill level 9 in Axes
  3177 | D:4      | Reached XP level 8. HP: 20/56 MP: 8/8
  3339 | D:4      | Identified the +3 sling of Peace {speed, rPois}
  3491 | D:4      | Found the +1 Delatra's gloves {ID++}
  3503 | D:4      | Reached skill level 10 in Axes
  3725 | D:5      | Entered Level 5 of the Dungeon
  3728 | D:5      | Found Nieda's Armour Shop.
  3745 | D:5      | Found the +6 shillelagh "Devastator" {shatter}
  3827 | D:5      | Reached skill level 11 in Axes
  3877 | D:5      | Noticed Menkaure
  3882 | D:5      | Killed Menkaure
  3919 | D:5      | Reached XP level 9. HP: 61/61 MP: 9/9
  4108 | D:5      | Found a shadowy altar of Dithmenos.
  4389 | D:6      | Reached skill level 12 in Axes
  4421 | D:6      | Reached skill level 13 in Axes
  4757 | D:6      | You pick up a book of Geomancy and begin reading...
  4757 | D:6      | You add the spells Sandblast, Passwall, Stone Arrow and
                  | Brom's Barrelling Boulder to your library.
  4844 | D:6      | Found a staircase to the Ecumenical Temple.
  4854 | Temple   | Entered the Ecumenical Temple
  4916 | Temple   | Became a worshipper of Warmaster Okawaru
  4935 | D:6      | You fall into a shaft and drop 2 floors!
  4946 | D:8      | Noticed a two-headed ogre
  4955 | D:8      | Killed a two-headed ogre
  4956 | D:8      | Reached skill level 14 in Axes
  4956 | D:8      | Reached skill level 1 in Armour
  4956 | D:8      | Reached XP level 10. HP: 38/69 MP: 10/10
  4958 | D:8      | Reached skill level 3 in Fighting
  4963 | D:8      | Identified the +9 demon trident of Dismemberment {freeze,
                  | Stlth+}
  5077 | D:8      | Found Hulips's Assorted Antiques.
  5086 | D:8      | Bought a scroll of identify for 52 gold pieces
  5086 | D:8      | Bought a scroll of identify for 52 gold pieces
  5112 | D:8      | Found Mept's Distillery.
  5121 | D:8      | Reached * piety under Okawaru
  5123 | D:8      | Reached skill level 2 in Armour
  5124 | D:8      | Found Ebotuor's Antique Weapon Emporium.
  5142 | D:8      | You add the spells Cigotuvi's Dreadful Rot, Ignite Poison
                  | and Freezing Cloud to your library.
  5153 | D:8      | Bought a potion of mutation for 112 gold pieces
  5372 | D:8      | Found Ivibuajimo's Book Shoppe.
  5685 | D:7      | Reached skill level 4 in Fighting
  5685 | D:7      | Reached skill level 3 in Armour
  6016 | D:7      | Reached ** piety under Okawaru
  6109 | D:7      | Reached skill level 5 in Fighting
  6109 | D:7      | Reached skill level 4 in Armour
  6793 | D:6      | Noticed Grinder
  6800 | D:6      | Killed Grinder
  7358 | D:9      | HP: 19/76 [orc priest/divine providence (11)]
  7360 | D:9      | Reached skill level 6 in Fighting
  7360 | D:9      | Reached skill level 5 in Armour
  7646 | D:9      | Reached *** piety under Okawaru
  7647 | D:9      | Reached XP level 11. HP: 83/83 MP: 11/11
  7728 | D:9      | Reached skill level 7 in Fighting
  7728 | D:9      | Reached skill level 6 in Armour
  8162 | D:9      | Found a staircase to the Lair.
  8221 | D:10     | Entered Level 10 of the Dungeon
  8932 | D:10     | Reached **** piety under Okawaru
  9180 | D:10     | Reached skill level 8 in Fighting
  9182 | D:10     | Reached skill level 7 in Armour
  9229 | D:10     | You pick up a book of Flames and begin reading...
  9229 | D:10     | You add the spells Inner Flame, Sticky Flame and Flame Wave
                  | to your library.
  9257 | D:10     | Found a staircase to the Orcish Mines.
  9386 | D:11     | Noticed a two-headed ogre
  9393 | D:11     | Killed a two-headed ogre
  9582 | D:11     | You pick up a book of Minor Magic and begin reading...
  9582 | D:11     | You add the spells Magic Dart and Blink to your library.
  9760 | D:11     | You pick up a book of Touch and begin reading...
  9760 | D:11     | You add the spells Kiss of Death, Confusing Touch and
                  | Dispel Undead to your library.
  9766 | D:11     | Reached ***** piety under Okawaru
  9907 | D:11     | Noticed a two-headed ogre
  9911 | D:11     | Killed a two-headed ogre
  9912 | D:11     | Reached skill level 9 in Fighting
  9957 | D:12     | Reached skill level 8 in Armour
  9968 | D:12     | Noticed a boulder beetle
  9984 | D:12     | Killed a boulder beetle
 10034 | D:12     | You pick up a book of Weapons and begin reading...
 10034 | D:12     | You add the spells Dimensional Bullseye and Iskenderun's
                  | Mystic Blast to your library.
 10065 | D:12     | Noticed a two-headed ogre
 10068 | D:12     | Noticed a two-headed ogre
 10072 | D:12     | Killed a two-headed ogre
 10073 | D:12     | Reached XP level 12. HP: 97/97 MP: 12/12
 10081 | D:12     | Received a gift from Okawaru
 10142 | D:12     | Reached skill level 1 in Invocations
 10304 | D:12     | Identified the +1 robe of Liberalism {rPois Stlth+}
 10403 | D:12     | Noticed Frances
 10412 | D:12     | Killed Frances
 10413 | D:12     | Reached skill level 10 in Fighting
 10413 | D:12     | Reached skill level 9 in Armour
 10413 | D:12     | Reached skill level 3 in Invocations
 10617 | D:13     | Noticed Azrael
 10638 | D:13     | HP: 8/97 [Azrael/fireball (20)]
 10646 | D:13     | Killed Azrael
 10647 | D:13     | Reached skill level 4 in Invocations
 10894 | D:13     | Noticed a vault guard
 10894 | D:13     | Noticed a vault guard
 10900 | D:13     | Reached skill level 5 in Invocations
 10907 | D:13     | Killed a vault guard
 10911 | D:13     | Killed a vault guard
 10911 | D:13     | Received a gift from Okawaru
 10912 | D:13     | Reached skill level 10 in Armour
 10912 | D:13     | Reached skill level 6 in Invocations
 10913 | D:13     | Reached XP level 13. HP: 84/103 MP: 9/17
 10918 | D:13     | Noticed a vault guard
 10922 | D:13     | Found a gate to the Vaults.
 10927 | D:13     | Killed a vault guard
 11228 | D:13     | Reached skill level 7 in Invocations
 11383 | D:12     | Reached ****** piety under Okawaru
 11383 | D:12     | Received a gift from Okawaru
 11534 | D:13     | Reached skill level 11 in Armour
 11563 | D:13     | Found Nets's General Store.
 11565 | D:13     | Found Upop's Assorted Antiques.
 11566 | D:13     | Found Dibluloj's Armour Shop.
 12085 | D:14     | magus.rc [v1.9.6]
 12142 | D:14     | Noticed a rakshasa
 12144 | Arena    | Entered the Arena
 12150 | Arena    | Killed a rakshasa
 12623 | D:14     | Received a gift from Okawaru
 12653 | D:14     | Noticed a rakshasa
 12653 | D:14     | Noticed a rakshasa
 12661 | D:14     | Reached skill level 12 in Armour
 12665 | D:14     | HP: 24/103 [tengu warrior (illusionary)/+0 halberd (2)]
 12668 | D:14     | HP: 7/103 [tengu warrior (illusionary)/+0 halberd (7)]
 13111 | D:14     | HP: 15/103 [orc knight/+0 battleaxe (18)]
 13117 | D:14     | Shot with a bolt by a tengu warrior

Vanquished Creatures
  Frances (D:12)
  Azrael (D:13)
  3 vault guards (D:13)
  A rakshasa (Arena)
  An ogre mage (D:14)
  A centaur warrior (D:13)
  2 boulder beetles
  5 two-headed ogres
  A tengu warrior (D:14)
  An arcanist (D:13)
  A necromancer (D:13)
  An orc knight (D:14)
  3 gargoyles (D:12)
  An unseen horror (D:13)
  2 kobold demonologists (D:12)
  A komodo dragon (D:9)
  6 trolls
  A hornet (D:9)
  Grinder (D:6)
  16 slime creatures
  20 humans (D:13)
  4 shadows
  A vampire (D:14)
  A wyvern (D:7)
  2 wraiths
  8 yaks
  4 fire elementals (D:13)
  2 steam dragons
  3 vampire mosquitoes (D:10)
  Menkaure (D:5)
  3 acid dragons
  A water moccasin (D:6)
  3 hell hounds (D:13)
  3 sky beasts
  4 black bears
  8 orc warriors
  3 ice beasts
  7 ogres
  4 boggarts (D:12)
  A phantom (D:6)
  5 centaurs
  7 kobold brigands
  2 bullfrogs
  A gnoll sergeant (D:11)
  7 wights
  17 killer bees
  6 howler monkeys
  An electric eel (D:13)
  Crazy Yiuf (D:3)
  4 orc priests
  A bombardier beetle (D:5)
  4 hounds
  A gnoll bouda (D:4)
  5 jellies
  Jessica (D:3)
  Ijyb (D:3)
  7 iguanas
  10 orc wizards
  Natasha (thrice) (D:3)
  Robin (D:3)
  7 gnolls
  10 adders
  A shadow imp (D:5)
  2 white imps (D:7)
  A ribbon worm (D:5)
  44 orcs
  12 bats
  10 endoplasms
  7 giant cockroaches
  13 goblins
  10 hobgoblins
  6 jackals
  A quokka (D:1)
  4 ball pythons
  17 frilled lizards
  40 kobolds
  7 rats
410 creatures vanquished.

Table legend:
 A = Non-vault XP
 B = Vault XP
 C = Vault XP percentage of total XP
 D = Non-vault monster count
 E = Vault monster count
 F = Vault count percentage of total count
                 A         B        C        D         E       F
            +---------+---------+-------+---------+---------+-------
      Total |   26719 |   17841 |  40.0 |     302 |     108 |  26.3
            +---------+---------+-------+---------+---------+-------
        D:1 |      73 |      26 |  26.3 |      30 |      10 |  25.0
        D:2 |      88 |       5 |   5.4 |      23 |       2 |   8.0
        D:3 |     168 |     190 |  53.1 |      17 |      11 |  39.3
        D:4 |     810 |     233 |  22.3 |      26 |      11 |  29.7
        D:5 |     426 |     550 |  56.4 |       9 |       5 |  35.7
        D:6 |    1866 |     334 |  15.2 |      20 |      11 |  35.5
        D:7 |    1632 |       0 |   0.0 |      24 |       0 |   0.0
        D:8 |    1716 |       0 |   0.0 |      28 |       0 |   0.0
        D:9 |    1892 |     243 |  11.4 |      34 |       2 |   5.6
       D:10 |    2480 |     752 |  23.3 |      21 |      15 |  41.7
       D:11 |    2984 |       0 |   0.0 |      25 |       0 |   0.0
       D:12 |    5947 |    1512 |  20.3 |      22 |       1 |   4.3
       D:13 |    3220 |   10120 |  75.9 |      12 |      33 |  73.3
       D:14 |    3417 |    3010 |  46.8 |      11 |       6 |  35.3
      Arena |       0 |     866 | 100.0 |       0 |       1 | 100.0
            +---------+---------+-------+---------+---------+-------

Skill      XL: |  1  2  3  4  5  6  7  8  9 10 11 12 13 |
---------------+----------------------------------------+-----
Axes           | 4 5 6 8 9 11 14 | 14.0
Armour         | 1 5 8 10 12 | 12.1
Fighting       | 6 9 10 | 10.0
Invocations    | 6 7 |  7.0
Throwing       | |  1.7
Dodging        | |  2.6

Action                     |  1- 3 |  4- 6 |  7- 9 | 10-12 | 13-15 || total
---------------------------+-------+-------+-------+-------+-------++-------
  Melee: War axe           |    91 |   143 |    77 |   155 |   106 ||   572
         Short sword       |       |    61 |       |       |       ||    61
         Dagger            |       |    39 |    62 |       |       ||   101
         Hand axe          |       |       |    53 |    75 |       ||   128
         Shillelagh        |       |       |    38 |   227 |   105 ||   370
  Throw: Throwing net      |       |     1 |       |       |       ||     1
 Invoke: Heroism           |       |       |       |     2 |     2 ||     4
         Finesse           |       |       |       |     1 |       ||     1
         Duel              |       |       |       |       |     1 ||     1
  Evoke: Wand              |       |       |       |     3 |       ||     3
    Use: Scroll            |     2 |     3 |     4 |    11 |     5 ||    25
         Potion            |       |     2 |     1 |     6 |     5 ||    14
   Stab: Sleeping          |       |     1 |       |     1 |       ||     2
         Held in net/web   |       |     2 |       |       |       ||     2
         Paralysed         |       |       |       |     4 |       ||     4
         Invisible         |       |       |       |     1 |       ||     1
 Armour: Leather armour    |    76 |   111 |    92 |    57 |       ||   336
         Plate armour      |       |       |       |   118 |   167 ||   285
         Steam dragon scal |       |       |       |     3 |       ||     3
  Dodge: Dodged            |   104 |   109 |    87 |   183 |   112 ||   595

Illustrated notes

Table legend:
 A = Kills in this place as a percentage of kills in the entire game.
 B = Kills by you in this place as a percentage of kills by you in the entire game.
 C = Kills by friends in this place as a percentage of kills by friends in the entire game.
 D = Other kills in this place as a percentage of other kills in the entire game.
 E = Experience gained in this place as a percentage of experience gained in the entire game.
 F = Experience gained in this place divided by the number of levels of this place that you have seen.
                   A       B       C       D       E      F
               +-------+-------+-------+-------+-------+----------------------
         Total | 100.0 | 100.0 |   N/A |   N/A | 100.0 | 2785.0
       Dungeon |  99.8 |  99.8 |   N/A |   N/A |  98.1 | 3121.0
         Arena |   0.2 |   0.2 |   N/A |   N/A |   1.9 | 866.0
               +-------+-------+-------+-------+-------+----------------------

Table legend: (Time is in decaauts)
 A = Elapsed time spent in this place.
 B = Non-inter-level travel time spent in this place.
 C = Inter-level travel time spent in this place.
 D = Time resting spent in this place.
 E = Time spent auto-exploring this place.
 F = Levels seen in this place.
 G = Mean time per level.
                   A        B        C        D        E       F      G
               +--------+--------+--------+--------+--------+-----+--------+
         Total |  13660 |  13082 |    578 |    382 |  10128 |  16 |  853.8 |
       Dungeon |  13570 |  13049 |    521 |    382 |  10128 |  14 |  969.3 |
        Temple |     76 |     19 |     57 |      0 |      0 |   1 |   76.0 |
         Arena |     13 |     13 |      0 |      0 |      0 |   1 |   13.0 |
               +--------+--------+--------+--------+--------+-----+--------+

Top non-repeatable levels by time:
    D:13: 1478 daAuts
    D:10: 1164 daAuts
     D:7: 1131 daAuts
     D:4: 1109 daAuts
     D:6: 1073 daAuts
    D:14: 1030 daAuts
     D:9: 991 daAuts
     D:2: 980 daAuts
     D:1: 966 daAuts
     D:3: 927 daAuts
    D:12: 734 daAuts
     D:5: 671 daAuts
     D:8: 669 daAuts
    D:11: 644 daAuts
  Temple: 76 daAuts
